 Dungeon Crawl Stone Soup version 0.22.1-1-ga44c0e56f4 (webtiles) character file.

191 Divind the Chopper (level 5, 0/46 HPs)
             Began as a Hill Orc Fighter on Oct 27, 2018.
             Slain by a crimson imp
             ... wielding a +2 dagger of chaos
              (1 damage)
             ... on level 4 of the Dungeon.
             The game lasted 00:05:12 (2179 turns).

Divind the Chopper (Hill Orc Fighter)               Turns: 2179, Time: 00:05:13

Health: 0/46       AC: 10    Str: 19    XL:     5   Next: 70%
Magic:  5/5        EV:  9    Int:  8    God:
Gold:   163        SH:  9    Dex: 11    Spells: 4/4 levels left

rFire    . . .     SeeInvis .   a - +0 war axe
rCold    . . .     Gourm    .   c - +0 shield
rNeg     + . .     Faith    .   k - +2 ring mail {rN+}
rPois    .         Spirit   .   (no helmet)
rElec    .         Reflect  .   (no cloak)
rCorr    .         Harm     .   n - +1 pair of gloves
MR       .....                  (no boots)
Stlth    +.........             m - amulet of inaccuracy (curse)
HPRegen  0.15/turn              (no ring)
MPRegen  0.09/turn              (no ring)

@: lethally poisoned (0 -> -15), berserk cooldown, very slightly contaminated,
hasted and slowed, drained, invisible
A: no striking features
a: no special abilities


You were on level 4 of the Dungeon.
You were not hungry.

You visited 1 branch of the dungeon, and saw 4 of its levels.

You collected 163 gold pieces.

Inventory:

Hand Weapons
 a - a +0 war axe (weapon)
Armour
 b - a +0 scale mail
 c - a +0 shield (worn)
 k - a +2 ring mail of positive energy (worn)
 n - a +1 pair of gloves (worn)
Jewellery
 m - a cursed amulet of inaccuracy (around neck)
Scrolls
 e - 4 scrolls of identify
 i - a scroll of teleportation
Potions
 d - a potion of might
 h - a potion of haste
 j - a potion of invisibility
 l - a potion of brilliance {unknown}
Comestibles
 f - 2 rations


   Skills:
 + Level 4.0(3.8) Fighting
 + Level 4.9(4.7) Axes
 + Level 4.1(4.0) Armour
 * Level 1.4(1.3) Dodging
 + Level 0.1(0.0) Stealth
 + Level 4.2(4.1) Shields


You had 4 spell levels left.
You didn't know any spells.
Your spell library was empty.

Dungeon Overview and Level Annotations

Branches:
Dungeon (4/15)
 Temple: D:4-7

Altars:
Nemelex Xobeh
Xom
The Shining One


Message History

You feel sick. You block the crimson imp's attack.
The crimson imp hits you with a dagger of chaos.
* * * LOW HITPOINT WARNING * * *
You closely miss the crimson imp.
The crimson imp is lightly wounded.
* * * LOW HITPOINT WARNING * * *
You feel sick.
The crimson imp hits you but does no damage.
You are more poisoned.
You hit the crimson imp.
The crimson imp is moderately wounded.
Your extra speed is starting to run out.
* * * LOW HITPOINT WARNING * * *
You feel sick. The crimson imp barely misses you.
It was a potion of berserk rage.
You're still recovering from your berserk rage.
* * * LOW HITPOINT WARNING * * *
You feel sick.
The crimson imp hits you with a dagger of chaos.
You die...

.....#####
.....##########
.....'....#.#.#######
.....######.#.#.....####
....##
#..#...#.[......#+##
#####
#..'._.'...........#
#.##...#...........#
#.##^#.#...........#
###'##.#.##@5.#......#
#....######...#......#
#......# #...#........#
#......#
#....#..........#
######......#
#....#..........#
..##.+......#
#...............#
..##.#......#
#.#####+##+#....#
..##.#......# #. ###?#
..##.#......# #.


You could see a crimson imp.

Vanquished Creatures
  A crimson imp (D:4)
  A jelly (D:4)
  5 adders (D:3)
  2 dart slugs (D:2)
  6 leopard geckos
  5 orcs (D:3)
  6 bats
  6 goblins
  6 hobgoblins
  5 jackals
  8 kobolds
  2 quokkas
  2 ball pythons (D:1)
  8 frilled lizards
  4 rats
67 creatures vanquished.

Notes
Turn   | Place    | Note
-------+----------+-------------------------------------------
     0 | D:1      | Divind the Hill Orc Fighter began the quest for the Orb.
     0 | D:1      | Reached XP level 1. HP: 19/19 MP: 1/1
   205 | D:1      | Reached XP level 2. HP: 23/27 MP: 2/2
   382 | D:1      | Reached XP level 3. HP: 33/33 MP: 3/3
   850 | D:2      | Found a sparkling altar of Nemelex Xobeh.
  1025 | D:3      | Reached XP level 4. HP: 40/40 MP: 4/4
  1041 | D:3      | Reached skill level 1 in Dodging
  1149 | D:3      | Found a glowing golden altar of the Shining One.
  1339 | D:3      | Reached XP level 5. HP: 46/46 MP: 5/5
  1941 | D:4      | Found a shimmering altar of Xom.
  2178 | D:4      | HP: 2/46 [poisoned by a crimson imp]
  2179 | D:4      | Slain by a crimson imp

Skill      XL: |  1  2  3  4  5 |
---------------+----------------+-----
Axes           | 3 4 |  4.9
Dodging        | 1 |  1.4
Shields        | 4 |  4.2
Armour         | 4 |  4.1
Fighting       | 4 |  4.0
Stealth        | |  0.1

Action                   |  1- 3 |  4- 6 || total
-------------------------+-------+-------++-------
Melee: War axe           |   111 |   185 ||   296
  Use: Scroll            |       |     6 ||     6
       Potion            |       |     2 ||     2
 Stab: Invisible         |       |     4 ||     4
  Eat: Ration            |       |     1 ||     1
       Chunk             |       |     1 ||     1
Armor: Scale mail        |    61 |    17 ||    78
       Ring mail         |       |    64 ||    64
Dodge: Dodged            |    34 |    60 ||    94
Block: Shield            |    63 |    82 ||   145
